 Dungeon Crawl Stone Soup version 0.16.2-12-gd0ad4c3 (webtiles) character file.

34 faibistes the Magician (level 3, -3/19 HPs)
             Began as a Deep Elf Wizard on Oct 27, 2018.
             Slain by an orc wizard
             ... wielding a +0 dagger
              (6 damage)
             ... on level 2 of the Dungeon.
             The game lasted 00:04:17 (1671 turns).

faibistes the Magician (Deep Elf Wizard)            Turns: 1671, Time: 00:04:17

Health: -3/19      AC:  2    Str:  4    XL:     3   Next: 14%
Magic:  14/14      EV: 12    Int: 23    God:
Gold:   56         SH:  0    Dex: 13    Spells: 5 memorised, 1 level left

rFire  . . .     SeeInvis .     e - +0 short sword
rCold  . . .     Clarity  .     a - +0 robe
rNeg   . . .     SustAb   .     (no shield)
rPois  .         Gourm    .     b - +0 hat
rElec  .         Spirit   .     (no cloak)
rCorr  .         Warding  .     (no gloves)
rMut   .         Stasis   .     (no boots)
MR     .....                    (no amulet)
Stlth  ++........               (no ring)
                                (no ring)

@: lethally poisoned (-3 -> -6), not resistant to hostile enchantments,
unstealthy
A: no striking features
a: no special abilities


You were on level 2 of the Dungeon.
You were very hungry.

You visited 1 branch of the dungeon, and saw 3 of its levels.

You collected 56 gold pieces.

Inventory:

Hand weapons
 e - a +0 short sword (weapon)
Armour
 a - a +0 robe (worn)
 b - a +0 hat (worn)
Scrolls
 f - 2 scrolls of remove curse {unknown}
 g - a scroll of amnesia {unknown}
 l - a scroll of magic mapping {unknown}
 m - a scroll of fog {unknown}
Potions
 j - a potion of cancellation
Books
 c - a book of Minor Magic

   Spells                             Type                      Level
   a - Magic Dart                     Conjuration                  1
   b - Blink                          Translocation                2
   c - Call Imp                       Summoning                    2
   d - Repel Missiles                 Charms/Air                   2
   e - Slow                           Hexes                        2
   f - Conjure Flame                  Conjuration/Fire             3
   g - Mephitic Cloud                 Conjuration/Poison/Air       3
Comestibles
 d - a bread ration
 i - a meat ration


   Skills:
 + Level 2.4 Dodging
 - Level 2.4 Stealth
 * Level 5.1 Spellcasting
 * Level 2.6 Conjurations
 - Level 1.1 Summonings
 - Level 1.1 Translocations


You had one spell level left.
You knew the following spells:

 Your Spells              Type           Power        Failure   Level  Hunger
a - Magic Dart            Conj           ###.         3%          1    None
b - Conjure Flame         Conj/Fire      ##......     17%         3    ##.....
c - Call Imp              Summ           ##......     12%         2    None
d - Blink                 Tloc           N/A          12%         2    None
e - Mephitic Cloud        Conj/Pois/Air  ##......     21%         3    ##.....


Dungeon Overview and Level Annotations

Branches:
Dungeon (3/15)

Altars:


Message History

Your crimson imp barely misses the adder.
The orc wizard closely misses you.
You closely miss the orc wizard.
The orc wizard is heavily wounded.
You feel sick. The orc wizard misses you.
Your crimson imp hits the adder.
Drink which item? (? for menu, Esc to quit)
It was a potion of cancellation.
You feel magically purged. The orc wizard barely misses you.
Your crimson imp closely misses the adder.
The orc wizard hits you but does no damage.
You barely miss the orc wizard.
The orc wizard is heavily wounded.
The orc wizard casts a spell at you. The puff of flame hits you!
* * * LOW HITPOINT WARNING * * *
Your crimson imp misses the adder.
Drink which item? (? for menu, Esc to quit)
It was a potion of magic.
Magic courses through your body. The orc wizard hits you with a dagger.
You die...

... .... ... #.. ...
#.# ##.#.# ...#.#
#..#@# ##..#o# ...#S#
### #####.#5#####
#...............#
#h#######.#.###.#
#.#...........#.#
#.#>#.....#.#)#.#
######.#.#.......#.#.#


You could see an orc wizard, an adder and a friendly crimson imp.

Vanquished Creatures
  2 giant geckos (D:2)
  A giant cockroach (D:1)
  2 hobgoblins (D:1)
  10 jackals
  3 kobolds (D:1)
  3 bats
  3 giant newts (D:1)
  3 goblins
  A rat (D:2)
28 creatures vanquished.

Notes
Turn   | Place    | Note
--------------------------------------------------------------
     0 | D:1      | faibistes, the Deep Elf Wizard, began the quest for the Orb.
     0 | D:1      | Reached XP level 1. HP: 10/10 MP: 6/6
   339 | D:2      | Reached XP level 2. HP: 13/15 MP: 5/10
   444 | D:1      | Learned a level 2 spell: Blink
   447 | D:1      | Learned a level 2 spell: Call Imp
   861 | D:1      | Reached skill level 5 in Spellcasting
  1277 | D:1      | Reached XP level 3. HP: 19/19 MP: 11/14
  1282 | D:1      | Learned a level 3 spell: Conjure Flame
  1287 | D:1      | Learned a level 3 spell: Mephitic Cloud
  1671 | D:2      | Slain by an orc wizard

Action                   || total
-------------------------++-------
Melee: Short sword       ||    19
 Cast: Magic Dart        ||    61
       Mephitic Cloud    ||     6
       Conjure Flame     ||     1
       Blink             ||     1
       Call Imp          ||     1
  Use: Potion            ||     2
 Stab: Sleeping          ||     1
  Eat: Chunk             ||     1
